Map: Ultralove

Players

ManlyManMeat

  • Race: Zerg Zerg
  • League: Diamond
  • Spawn Location: 1:00

NEOinROME - Winner!

  • Race: Terran Terran
  • League: Diamond
  • Spawn Location: 7:00

VOD

Have the link to the VOD?

Description

Time

  • Played on: July 9, 2025, 11:39 a.m.
  • Length: 17:17
Show
View Real Time Build Order
Export as new Build Order

ManlyManMeat Zerg 

Build Orders: Hatch First 

Get SALT Encoding   

  12  0:00  Drone  
  13  0:08  Drone  
  14  0:14  Extractor  
  14  0:16  Drone  
  15  0:23  Overlord  
  15  0:42  Drone  
  16  0:47  Hatchery  
  15  0:50  Drone  
  15  0:54  Drone  
  17  0:57  Drone  
  18  1:08  Extractor  
  17  1:13  Spawning Pool  
  17  1:17  Drone  
  17  1:19  Drone  
  18  1:26  Drone  
  19  1:37  Drone  
  20  2:02  Queen  
  20  2:03  Zergling x4, Queen  
  20  2:05  Overlord  
  26  2:08  Metabolic Boost  
  26  2:14  Drone x2  
  28  2:20  Overlord  
  28  2:39  Drone  
  29  2:54  Drone x2  
  31  3:05  Drone  
  31  3:06  Drone x2, Hatchery  
  31  3:09  Drone x3  
  36  3:14  Queen  
  36  3:15  Drone x3  
  36  3:18  Overlord  
  41  3:28  Drone x3  
  44  3:47  Drone x2  
  44  3:48  Drone  
  47  3:49  Extractor  
  47  3:50  Drone  
  47  3:55  Drone x3  
  50  3:58  Extractor  
  50  4:00  Baneling Nest  
  50  4:01  Drone x2  
  50  4:02  Evolution Chamber  
  50  4:09  Zergling x4  
  52  4:10  Zergling x2  
  52  4:11  Overlord  
  52  4:19  Hatchery  
  50  4:24  Drone  
  50  4:25  Drone x3  
  50  4:26  Overlord x2  
  54  4:33  Drone x3  
  54  4:34  Zerg Melee Weapons Level 1  
  57  4:48  Queen  
  57  4:50  Lair  
  59  4:54  Drone x2  
  59  4:57  Zergling x2  
  59  4:58  Zergling x6  
  65  5:00  Zergling x2  
  65  5:01  Zergling x6  
  69  5:25  Spore Crawler  
  69  5:28  Zergling x10  
  69  5:29  Zergling x4  
  73  5:37  Baneling  
  73  5:38  Baneling x11  
  73  5:40  Drone x3  
  73  5:41  Drone, Overlord x3  
  73  5:42  Extractor  
  76  5:43  Baneling x3  
  76  5:45  Queen x2  
  80  5:57  Zergling x6, Overlord  
  81  5:59  Centrifugal Hooks  
  81  6:03  Queen  
  79  6:26  Zergling x2  
  79  6:27  Zergling x20  
  90  6:38  Zergling x2  
  90  6:39  Zergling x22  
  102  6:47  Zerg Melee Weapons Level 2  
  101  6:57  Drone x2  
  101  6:58  Drone x2  
  101  7:00  Baneling x11  
  101  7:01  Baneling x3  
  93  7:11  Spore Crawler  
  90  7:18  Hatchery  
  79  7:42  Zergling x2  
  79  7:43  Zergling x22  
  88  7:58  Baneling x10  
  88  7:59  Hatchery  
  88  8:00  Hatchery  
  84  8:08  Zergling x10  
  57  8:28  Zergling x14  
  57  8:29  Zergling x6  
  67  8:38  Baneling x9  
  55  9:05  Zergling x20  
  55  9:08  Zergling x12  
  66  9:10  Drone  
  67  9:22  Drone x3  
  69  9:29  Drone x4  
  69  9:30  Drone x3  
  64  10:11  Zergling x6  
  63  10:16  Zergling x36  
  63  10:17  Zergling x8  
  63  10:20  Queen  
  87  10:22  Queen  
  87  10:27  Zerg Ground Armor Level 1  
  89  10:29  Zergling x2  
  89  10:30  Zergling x12  
  94  10:58  Baneling x6  
  94  11:02  Drone x3  
  94  11:03  Overlord  
  94  11:04  Drone x5  
  87  11:29  Zergling x2  
  87  11:30  Zergling x12  
  87  11:32  Zergling x12  
  92  11:33  Zergling x34, Infestation Pit  
  107  11:49  Zergling x2  
  107  11:50  Zergling x28  
  107  11:52  Baneling x10  
  109  12:16  Zergling x18  
  109  12:22  Zergling x16  
  99  12:23  Baneling x9  
  99  12:36  Drone x5  
  99  12:37  Drone x2, Overlord x3  
  106  12:40  Infestor x3, Hive  
  104  13:12  Zergling x24  
  98  13:24  Zergling x14, Infestor x10  
  125  13:33  Zergling x8  
  127  13:47  Zergling x20  
  119  13:57  Zerg Ground Armor Level 2  
  119  13:58  Adrenal Glands  
  119  13:59  Zergling x2  
  119  14:00  Zergling x14, Ultralisk Cavern  
  126  14:28  Drone  
  126  14:29  Drone x3  
  126  14:30  Overlord x3  
  130  14:33  Overseer x2  
  130  14:34  Pneumatized Carapace  
  130  14:49  Ultralisk x4  
  130  14:50  Overlord  
  130  14:51  Overlord x3  
  154  15:09  Chitinous Plating  
  154  15:18  Extractor  
  154  15:20  Extractor  
  154  15:21  Drone x7  
  155  15:22  Zergling x24  
  155  15:23  Zergling x12  
  177  15:36  Spire  
  171  15:44  Zergling x24  
  171  15:45  Zergling x6  
  101  16:22  Ultralisk x4  
  115  16:33  Zergling x20  
  125  16:46  Zergling x2  
Show
View Real Time Build Order
Export as new Build Order

NEOinROME Terran - Winner!

Build Orders: Reaper Expand 

Get SALT Encoding   

  12  0:00  SCV  
  13  0:12  SCV  
  14  0:17  Supply Depot  
  14  0:25  SCV  
  15  0:39  SCV  
  15  0:40  Barracks  
  16  0:47  Refinery  
  16  0:51  SCV  
  17  1:03  SCV  
  18  1:15  SCV  
  19  1:31  Orbital Command  
  19  1:32  Reaper  
  20  1:42  Command Center  
  20  1:52  Supply Depot  
  20  1:58  SCV  
  21  2:07  Marine  
  22  2:09  Factory  
  22  2:12  SCV  
  23  2:16  Refinery  
  23  2:24  SCV  
  24  2:36  SCV  
  25  2:38  Marine  
  26  2:48  SCV  
  27  3:03  SCV, Factory Tech Lab  
  28  3:06  Orbital Command  
  28  3:07  Barracks Reactor  
  28  3:15  SCV  
  29  3:21  Command Center  
  29  3:28  SCV  
  29  3:31  Bunker  
  30  3:40  SCV  
  30  3:45  SCV  
  31  3:51  Stimpack, Marine  
  31  3:52  Supply Depot, SCV  
  31  3:53  Hellion x2  
  37  3:57  SCV  
  38  4:06  SCV  
  38  4:09  SCV  
  40  4:11  Refinery  
  40  4:12  Marine  
  40  4:14  Hellion  
  40  4:15  Hellion  
  45  4:18  SCV  
  45  4:22  SCV  
  47  4:25  Supply Depot  
  47  4:30  SCV  
  48  4:33  Starport  
  48  4:34  SCV  
  49  4:42  SCV  
  50  4:47  Hellion x2, Marine  
  50  4:48  SCV  
  56  4:53  Supply Depot  
  56  4:54  SCV  
  56  4:59  Orbital Command  
  57  5:00  SCV  
  57  5:05  Engineering Bay x2  
  57  5:06  SCV  
  59  5:11  Marine  
  59  5:12  SCV  
  61  5:18  Barracks  
  61  5:19  SCV  
  61  5:21  Supply Depot, Barracks  
  62  5:23  Factory Tech Lab  
  62  5:24  SCV  
  62  5:25  SCV  
  64  5:31  SCV  
  64  5:32  Terran Infantry Armor Level 1, Terran Infantry Weapons Level 1  
  65  5:36  Liberator  
  65  5:42  SCV  
  69  5:43  Siege Tank  
  69  5:47  SCV  
  69  5:49  SCV  
  74  5:52  Refinery  
  74  5:53  Supply Depot  
  74  5:54  SCV  
  74  5:55  Supply Depot  
  75  6:01  Marine, Combat Shield, SCV  
  77  6:04  SCV  
  77  6:08  Barracks, SCV  
  77  6:10  Barracks Reactor  
  79  6:12  Barracks  
  79  6:14  Marine  
  79  6:16  Supply Depot  
  80  6:18  Marine  
  77  6:25  Marine  
  77  6:29  Supply Depot  
  77  6:30  SCV  
  77  6:32  Marine  
  80  6:36  Marine  
  81  6:42  Bunker  
  81  6:43  Marine  
  81  6:46  Starport Reactor  
  82  6:47  Siege Tank  
  82  6:50  Marine  
  86  6:54  Marine  
  79  7:03  Orbital Command, Marine x2  
  79  7:04  SCV  
  79  7:05  Barracks Reactor x2  
  78  7:10  Marine x2  
  78  7:12  Marine  
  81  7:20  Marine  
  81  7:21  Marine  
  83  7:23  SCV, Siege Tank, Medivac x2  
  83  7:24  SCV  
  83  7:27  Sensor Tower  
  83  7:28  Marine x2  
  94  7:30  Marine  
  94  7:31  SCV  
  94  7:36  SCV  
  73  7:38  Marine x2, SCV  
  73  7:43  SCV  
  76  7:45  Marine  
  76  7:47  Concussive Shells  
  76  7:48  SCV  
  76  7:50  SCV  
  75  7:51  Marine x2  
  75  7:52  Marine  
  75  7:55  SCV, Siege Tank  
  75  7:56  Marine x2  
  83  8:00  SCV  
  83  8:02  SCV  
  85  8:07  SCV  
  85  8:09  Supply Depot x2  
  85  8:10  Supply Depot  
  78  8:17  SCV  
  78  8:19  Marine x2  
  75  8:26  SCV  
  71  8:27  Marauder, Marine x2  
  71  8:30  Marine x2, SCV  
  78  8:34  SCV  
  78  8:35  Armory  
  78  8:38  SCV  
  80  8:43  SCV  
  80  8:46  Marine x3, SCV  
  80  8:47  Marine  
  86  8:49  Marauder, Marine  
  86  8:51  Marine x2  
  86  8:52  Marine  
  76  9:07  Marine  
  76  9:08  Marine x4  
  76  9:09  Marine x2, SCV  
  77  9:14  Marine  
  77  9:15  Marine  
  79  9:18  SCV  
  79  9:23  SCV  
  81  9:25  Marine x2, SCV  
  81  9:26  Marine x3  
  81  9:27  Marine x2  
  81  9:30  SCV  
  90  9:32  Barracks x2, Marine x2  
  90  9:35  SCV  
  90  9:37  SCV  
  94  9:40  Sensor Tower  
  94  9:41  Sensor Tower  
  94  9:42  SCV  
  94  9:43  Marine x3  
  94  9:44  Marine x2  
  94  9:45  Marine x2  
  102  9:47  SCV  
  102  9:50  Marine x2  
  100  10:01  Marine x2  
  102  10:10  Marine x2, SCV  
  105  10:19  Marine x3  
  108  10:24  Barracks Reactor x2  
  108  10:35  Command Center  
  108  10:36  Marine  
  108  10:37  Marine x5  
  108  10:38  Terran Infantry Weapons Level 2, Siege Tank  
  108  10:39  Terran Infantry Armor Level 2  
  108  10:42  Command Center  
  117  10:49  SCV  
  118  10:56  Marauder, Marine  
  121  10:58  Marine  
  122  11:04  Marine x2  
  122  11:05  Marine  
  125  11:11  Marine x2  
  125  11:12  Supply Depot, Marine  
  125  11:13  Marine  
  125  11:14  Marine  
  125  11:15  Command Center  
  106  11:27  SCV  
  106  11:29  Orbital Command  
  106  11:31  SCV  
  105  11:39  SCV  
  105  11:43  SCV  
  106  11:51  SCV  
  107  11:55  SCV  
  107  11:57  Planetary Fortress  
  107  12:00  Marine  
  107  12:01  Marine x6  
  110  12:02  Marine  
  110  12:03  SCV x2  
  110  12:07  SCV  
  96  12:15  SCV x2  
  96  12:19  Marine x5  
  96  12:21  Marine x2  
  89  12:25  Marine  
  89  12:26  Marine  
  91  12:34  Marine x3  
  91  12:35  Marine  
  91  12:36  Marine  
  96  12:37  Marine x2  
  96  12:38  Supply Depot  
  96  12:42  Marine  
  96  12:43  Marine x3  
  102  12:48  Siege Tank  
  102  12:49  Medivac x2  
  102  12:50  SCV  
  102  12:51  SCV  
  111  12:53  Orbital Command  
  111  12:57  Marine  
  107  13:07  Marine  
  80  13:13  Marine x2  
  80  13:14  Marine x3  
  80  13:17  Marine  
  80  13:18  Marine  
  80  13:19  SCV  
  88  13:21  Siege Tank  
  88  13:22  Marine x2  
  88  13:23  Marine, SCV  
  88  13:26  SCV  
  88  13:27  SCV x2  
  98  13:31  SCV  
  79  13:55  Marine x4  
  80  13:56  Marine x6  
  80  13:57  Marine, Liberator  
  80  13:58  Liberator  
  80  14:00  Marine x2  
  98  14:03  Command Center, SCV  
  99  14:13  Marine x4  
  99  14:16  Marine x4  
  99  14:17  Marine x3  
  107  14:18  Marine  
  107  14:19  Marauder  
  107  14:21  Siege Tank  
  107  14:23  SCV  
  107  14:24  SCV x3  
  120  14:25  SCV  
  120  14:31  Marine x4  
  122  14:34  Marine x5  
  122  14:35  SCV  
  122  14:36  Marine x3  
  122  14:38  Supply Depot  
  134  14:39  Supply Depot  
  134  14:40  Marauder, Medivac  
  134  14:41  Medivac  
  134  14:43  Supply Depot  
  140  14:48  Marine  
  140  14:49  Marine x3  
  140  14:52  Marine x5  
  149  14:54  Marine  
  150  15:02  Marauder  
  150  15:05  Marine x2  
  150  15:06  Marine  
  150  15:07  Marine  
  155  15:10  Marine x3, Liberator x2  
  155  15:11  Marine  
  166  15:20  Marine x3  
  169  15:21  Planetary Fortress  
  169  15:23  Marauder, Sensor Tower  
  169  15:24  Marine  
  169  15:27  Marine x2  
  174  15:38  Marine x2  
  174  15:39  Marine x3  
  179  15:43  Marine x3  
  179  15:44  Marauder, Marine x2  
  179  15:45  Marine x2  
  183  15:58  Marine x2  
  179  16:05  Marine  
  179  16:06  Marine x2  
  179  16:07  Marine x3  
  179  16:08  Marine x2  
  179  16:09  Marine x2  
  179  16:10  Marauder  
  174  16:16  Marine x2  
  156  16:23  Marine  
  156  16:24  Marine x4  
  151  16:27  Marine  
  151  16:28  Marine x2  
  151  16:31  Marauder, Marine x2  
  148  16:33  Marine  
  148  16:37  SCV  
  144  16:53  Marauder  
Tags
 
Add a new tag
Caveats
  • Supply blocks, unpowered buildings, or Contaminate may cause inaccurate times.
  • Supply counts are checked every 10 seconds.